 Dungeon Sprint DCSS version 0.20-a0-556-g892c87b (webtiles) character file.

9196 Kidiri the Eclecticist (level 11, -6/90 HPs)
             Began as a Deep Elf Fire Elementalist on Feb 7, 2017.
             Was the Champion of Vehumet.
             Succumbed to a death drake's dark miasma
             ... in the Dungeon (Sprint III: "The Ten Rune Challenge").
             The game lasted 00:22:51 (2854 turns).

Kidiri the Eclecticist (Deep Elf Fire Elementalist) Turns: 2854, Time: 00:22:52

Health: -6/90      AC:  5    Str: 12    XL:     11   Next: 19%
Magic:  14/33      EV: 20    Int: 24    God:    Vehumet [******]
Gold:   18         SH:  0    Dex: 15    Spells: 5/42 levels left

rFire    + . .     SeeInvis .   k - +0 dagger
rCold    . . .     Gourm    .   t - +1 robe {rF+}
rNeg     . . .     Faith    .   (no shield)
rPois    .         Spirit   .   (no helmet)
rElec    .         Reflect  .   (no cloak)
rCorr    .         Harm     .   (no gloves)
MR       +....     Clarity  +   (no boots)
Stlth    .......... NoTele   +  (no amulet)
Regen    0.3/turn               (no ring)
                                (no ring)

@: berserking, lethally poisoned (-6 -> -95), slowed
A: thin metallic scales 1, clarity, frail 1, strong 1, MP-powered wands
a: Renounce Religion


You were in the Dungeon.
You worshipped Vehumet.
Vehumet was exalted by your worship.
You were not hungry.

You visited 1 branch You collected 18 gold pieces.

Inventory:

Hand Weapons
 k - a +0 dagger (weapon)
Armour
 a - a +0 robe
 t - a +1 robe of fire resistance (worn)
Wands
 r - a wand of iceblast (7/15)
Scrolls
 l - 2 scrolls of immolation
 n - 4 scrolls of remove curse
Potions
 d - a potion of degeneration {unknown}
 f - a potion of haste
 g - 2 potions of magic
 p - a potion of cure mutation {unknown}
 q - 2 potions of flight
Books
 b - a book of Flames

   Spells                             Type                      Level
   a - Flame Tongue                   Conjuration/Fire             1
   b - Throw Flame                    Conjuration/Fire             2
   c - Conjure Flame                  Conjuration/Fire             3
   d - Inner Flame                    Hexes/Fire                   3
   e - Sticky Flame                   Conjuration/Fire             4
   f - Fireball                       Conjuration/Fire             5
 j - a book of Cantrips

   Spells                             Type                      Level
   a - Confusing Touch                Hexes                        1
   b - Animate Skeleton               Necromancy                   1
   c - Summon Small Mammal            Summoning                    1
   d - Apportation                    Translocation                1
Comestibles
 c - a bread ration
 s - 24 royal jellies


   Skills:
 + Level 7.6 Fighting
 + Level 8.3 Short Blades
 + Level 7.9 Armour
 + Level 11.3 Dodging
 - Level 2.4 Stealth
 * Level 16.4 Spellcasting
 + Level 10.6 Conjurations
 + Level 10.6 Fire Magic
 + Level 7.2 Ice Magic
 + Level 5.2 Air Magic
 + Level 5.3 Poison Magic
 + Level 3.1 Evocations


You had 5 spell levels left.
You knew the following spells:

 Your Spells              Type           Power        Failure   Level  Hunger
a - Flame Tongue          Conj/Fire      #####        1%          1    None
b - Throw Flame           Conj/Fire      ######       1%          2    None
c - Conjure Flame         Conj/Fire      ######..     1%          3    None
d - Inner Flame           Hex/Fire       #####...     1%          3    None
e - Ignite Poison         Fire/Tmut/Pois #####...     1%          3    None
f - Sticky Flame          Conj/Fire      ######..     1%          4    None
g - Fireball              Conj/Fire      ######....   1%          5    #......
h - Freeze                Ice            ####         1%          1    None
i - Mephitic Cloud        Conj/Pois/Air  ######..     1%          3    None
j - Apportation           Tloc           ###...       2%          1    None
k - Venom Bolt            Conj/Pois      ######....   1%          5    #......
l - Freezing Cloud        Conj/Ice/Air   ######....   5%          6    ####...


Dungeon Overview and Level Annotations

Branches:
Dungeon (1/1)

Altars:
Cheibriados
Dithmenos
Elyvilon
Fedhas
Gozag
Hepliaklqana
Kikubaaqudgha
Makhleb
Nemelex Xobeh
Okawaru
Qazlal
Ru
Sif Muna
Trog
Uskayaw
Vehumet
Xom
Yredelemnul
Zin
The Shining One
Beogh
Jiyva
Lugonu


Innate Abilities, Weirdness & Mutations

You are partially covered in thin metallic scales. (AC +2)
You possess an exceptional clarity of mind.
You are frail. (-10% HP)
Your muscles are strong. (Str +2)
You expend magic power (3 MP) to strengthen your wands.


Message History

The death drake is almost dead.
You are engulfed in dark miasma.
You are more poisoned.
* * * LOW HITPOINT WARNING * * *
x2 You feel very sick.
The death drake burns!
The death drake stops burning.
The death drake closely misses you.
You closely miss the death drake.
The death drake is almost dead.
You are engulfed in dark miasma.
You are more poisoned.
* * * LOW HITPOINT WARNING * * *
You feel very sick. The death drake completely misses you.
A red film seems to cover your vision as you go berserk!
You feel yourself moving faster!
You feel mighty!
You are engulfed in dark miasma.
You are more poisoned.
* * * LOW HITPOINT WARNING * * *
You die...

♣♣≈≈≈........%≈≈...#....
+♣♣'♣≈≈≈≈≈≈≈≈≈≈≈≈♣♣P.'....
#.≈♣♣♣♣♣♣♣♣♣♣♣♣♣♣♣♣PP#..(.
#..♣♣ ♣♣♣♣♣##+##
###'♣♣♣♣♣♣♣♣♣♣♣.§.
♣♣♣♣.##..##≈§≈≈§§§.
♣...##.##.#≈≈§§§...
♣♣.##÷##(##k≈≈≈§≈#
♣..#.##.)@#§§.§§§.
♣♣.##.##..#≈§.+###
♣♣.##.#####...# ♣.....#
...# ####### ####


You could see a death drake.

Vanquished Creatures
  Erolcha (D)
  2 hydras (D)
  Urug (D)
  A lindwurm (D)
  A deep elf mage (D)
  2 spiny frogs (D)
  A komodo dragon (D)
  3 wandering mushrooms (D)
  A queen bee (D)
  2 tyrant leeches (D)
  5 redbacks (D)
  A shadow (D)
  A spatial vortex (D)
  A necrophage (D)
  5 two-headed ogres (D)
  A water elemental (D)
  A scorpion (D)
  32 killer bees (D)
  An electric eel (D)
  A jelly (D)
  A wizard (D)
  A necromancer (D)
  3 humans (D)
  A kobold demonologist (D)
  An ooze (D)
  3 rats (D)
74 creatures vanquished.

Vanquished Creatures (others)
  2 draconian scorchers (D)
  A hydra (D)
  A yaktaur (D)
  6 hellions (D)
  4 plants (D)
14 creatures vanquished.

Grand Total: 88 creatures vanquished

Notes
Turn   | Place    | Note
-------+----------+-------------------------------------------
     0 | D        | Kidiri the Deep Elf Fire Elementalist began the quest for the Orb.
     0 | D        | Reached XP level 1. HP: 10/10 MP: 6/6
    60 | D        | Reached skill level 4 in Spellcasting
   108 | D        | Killed a hellion
   110 | D        | Killed a hellion
   114 | D        | Noticed a scorpion
   121 | D        | Killed a scorpion
   121 | D        | Reached skill level 1 in Fighting
   121 | D        | Reached skill level 6 in Spellcasting
   121 | D        | Reached XP level 2. HP: 17/17 MP: 1/11
   121 | D        | Reached XP level 3. HP: 21/21 MP: 1/12
   121 | D        | Killed a hellion
   131 | D        | Killed a hellion
   134 | D        | Killed a hellion
   140 | D        | Reached XP level 4. HP: 26/26 MP: 0/14
   141 | D        | Killed a white draconian scorcher
   144 | D        | Learned a level 2 spell: Throw Flame
   148 | D        | Learned a level 3 spell: Conjure Flame
   152 | D        | Learned a level 3 spell: Inner Flame
   157 | D        | Learned a level 4 spell: Sticky Flame
   166 | D        | Killed a hellion
   214 | D        | Killed a white draconian scorcher
   244 | D        | Killed a yaktaur
   254 | D        | Gained mutation: You expend magic power (3 MP) to strengthen your wands. [potion of mutation]
   254 | D        | Gained mutation: Your muscles are strong. (Str +2) [potion of mutation]
   254 | D        | Gained mutation: You are frail. (-10% HP) [potion of mutation]
   255 | D        | Gained mutation: You possess an exceptional clarity of mind. [potion of mutation]
   255 | D        | Gained mutation: You are partially covered in thin metallic scales. (AC +2) [potion of mutation]
   265 | D        | Noticed a water elemental
   273 | D        | Killed a water elemental
   273 | D        | Reached skill level 7 in Spellcasting
   273 | D        | Reached skill level 5 in Fire Magic
   400 | D        | Found a radiant altar of Vehumet.
   401 | D        | Found a deep blue altar of Sif Muna.
   401 | D        | Found an ancient bone altar of Kikubaaqudgha.
   401 | D        | Noticed a wizard
   403 | D        | Killed a wizard
   403 | D        | Reached skill level 5 in Dodging
   403 | D        | Reached XP level 5. HP: 28/28 MP: 11/17
   406 | D        | Reached skill level 8 in Spellcasting
   419 | D        | Became a worshipper of Vehumet
   426 | D        | Learned a level 5 spell: Fireball
   428 | D        | Learned a level 1 spell: Apportation
   502 | D        | Found a glowing silver altar of Zin.
   503 | D        | Found a glowing golden altar of the Shining One.
   503 | D        | Found a white marble altar of Elyvilon.
   503 | D        | Noticed a deep elf mage
   509 | D        | Killed a deep elf mage
   509 | D        | Reached skill level 10 in Spellcasting
   509 | D        | Reached XP level 6. HP: 29/35 MP: 10/21
   509 | D        | Reached XP level 7. HP: 32/39 MP: 10/23
   579 | D        | Found a hide-covered altar of Uskayaw.
   579 | D        | Found a roughly hewn altar of Beogh.
   579 | D        | Found an iron altar of Okawaru.
   579 | D        | Found a bloodstained altar of Trog.
   579 | D        | Noticed a human
   582 | D        | Noticed a human
   588 | D        | Killed a human
   588 | D        | Reached skill level 11 in Spellcasting
   590 | D        | Killed a human
   590 | D        | Reached * piety under Vehumet
   590 | D        | Offered knowledge of Magic Dart by Vehumet.
   590 | D        | Reached skill level 5 in Armour
   744 | D        | Found a basalt altar of Yredelemnul.
   744 | D        | Found a shadowy altar of Dithmenos.
   744 | D        | Found a sacrificial altar of Ru.
   748 | D        | Reached skill level 5 in Fighting
   793 | D        | Killed a five-headed hydra
   798 | D        | Noticed a shadow
   811 | D        | Killed a shadow
   811 | D        | Offered knowledge of Freeze by Vehumet.
   811 | D        | Reached ** piety under Vehumet
   811 | D        | Reached skill level 12 in Spellcasting
   811 | D        | Reached XP level 8. HP: 44/44 MP: 10/26
   815 | D        | Learned a level 1 spell: Freeze
   893 | D        | Found a blossoming altar of Fedhas.
   893 | D        | Found a stormy altar of Qazlal.
   894 | D        | Found a snail-covered altar of Cheibriados.
   894 | D        | Found a burning altar of Makhleb.
   894 | D        | Found a hazy altar of Hepliaklqana.
   894 | D        | Found a shimmering altar of Xom.
   894 | D        | Found an opulent altar of Gozag.
   894 | D        | Found a sparkling altar of Nemelex Xobeh.
   894 | D        | Found a corrupted altar of Lugonu.
   894 | D        | Found a viscous altar of Jiyva.
   910 | D        | Reached skill level 5 in Short Blades
  1162 | D        | Offered knowledge of Dazzling Spray by Vehumet.
  1162 | D        | Reached skill level 1 in Ice Magic
  1171 | D        | Reached *** piety under Vehumet
  1268 | D        | Noticed a two-headed ogre
  1275 | D        | Killed a two-headed ogre
  1275 | D        | Reached skill level 13 in Spellcasting
  1336 | D        | Noticed a two-headed ogre
  1336 | D        | Noticed Erolcha
  1356 | D        | Killed Erolcha
  1356 | D        | Offered knowledge of Mephitic Cloud by Vehumet.
  1356 | D        | Reached XP level 9. HP: 30/49 MP: 2/28
  1376 | D        | Killed a two-headed ogre
  1376 | D        | Reached skill level 14 in Spellcasting
  1509 | D        | Learned a level 3 spell: Mephitic Cloud
  1518 | D        | Reached **** piety under Vehumet
  1527 | D        | Offered knowledge of Ignite Poison by Vehumet.
  1532 | D        | Learned a level 3 spell: Ignite Poison
  1746 | D        | Noticed a queen bee
  1750 | D        | Reached ***** piety under Vehumet
  1750 | D        | Offered knowledge of Conjure Ball Lightning by Vehumet.
  1751 | D        | Reached skill level 1 in Air Magic
  1751 | D        | Reached skill level 1 in Poison Magic
  1752 | D        | Reached skill level 5 in Ice Magic
  1813 | D        | Reached skill level 10 in Dodging
  1816 | D        | Reached ****** piety under Vehumet
  1818 | D        | Reached XP level 10. HP: 54/54 MP: 16/30
  1827 | D        | Reached skill level 15 in Spellcasting
  2059 | D        | Noticed a spiny frog
  2059 | D        | Noticed a spiny frog
  2073 | D        | Killed a spiny frog
  2073 | D        | Offered knowledge of Venom Bolt by Vehumet.
  2078 | D        | Killed a spiny frog
  2078 | D        | Reached skill level 10 in Conjurations
  2080 | D        | Learned a level 5 spell: Venom Bolt
  2080 | D        | Reached skill level 10 in Fire Magic
  2452 | D        | Noticed a lindwurm
  2454 | D        | Killed a lindwurm
  2454 | D        | Offered knowledge of Freezing Cloud by Vehumet.
  2454 | D        | Reached skill level 1 in Evocations
  2463 | D        | Learned a level 6 spell: Freezing Cloud
  2660 | D        | Noticed Urug
  2780 | D        | Killed Urug
  2780 | D        | Reached skill level 16 in Spellcasting
  2780 | D        | Reached XP level 11. HP: 60/60 MP: 20/33
  2840 | D        | Noticed a six-headed hydra
  2840 | D        | Noticed a six-headed hydra
  2844 | D        | Noticed a death drake
  2844 | D        | Killed a six-headed hydra
  2844 | D        | Reached skill level 5 in Air Magic
  2844 | D        | Reached skill level 5 in Poison Magic
  2845 | D        | Killed a six-headed hydra
  2854 | D        | HP: 4/90 [death drake] (3)]
  2854 | D        | Succumbed to a death drake's dark miasma

Vault maps used:
D:        dungeon_sprint_mu

Skill      XL: |  1  2  3  4  5  6  7  8  9 10 11 |
---------------+----------------------------------+-----
Spellcasting   | 6 7 10 12 13 14 16 | 16.4
Conjurations   | 3 4 6 7 8 9 10 | 10.6
Fighting       | 1 2 4 5 6 7 |  7.6
Armour         | 2 3 4 5 6 7 |  7.9
Dodging        | 4 5 7 8 9 10 11 | 11.3
Fire Magic     | 4 5 6 7 8 9 10 | 10.6
Short Blades   | 3 4 6 8 |  8.3
Ice Magic      | 4 5 6 7 |  7.2
Air Magic      | 2 4 5 |  5.2
Poison Magic   | 1 4 5 |  5.3
Evocations     | 2 3 |  3.1
Stealth        | |  2.4

Action                   |  1- 3 |  4- 6 |  7- 9 | 10-12 || total
-------------------------+-------+-------+-------+-------++-------
Melee: Unarmed           |     2 |       |       |       ||     2
       Dagger            |       |       |     4 |     3 ||     7
 Cast: Flame Tongue      |    16 |    11 |    70 |    42 ||   139
       Sticky Flame      |       |     3 |    10 |     9 ||    22
       Conjure Flame     |       |       |     7 |     1 ||     8
       Inner Flame       |       |       |     3 |       ||     3
       Fireball          |       |       |     3 |     3 ||     6
       Throw Flame       |       |       |     5 |    10 ||    15
       Mephitic Cloud    |       |       |     4 |     3 ||     7
       Ignite Poison     |       |       |     4 |     2 ||     6
       Venom Bolt        |       |       |       |     5 ||     5
  Use: Potion            |       |     3 |     1 |     3 ||     7
       Scroll            |       |     3 |       |     1 ||     4
 Stab: Sleeping          |       |       |       |     1 ||     1
  Eat: Chunk             |       |       |     3 |       ||     3
       Fruit             |       |       |       |     7 ||     7
Armor: Robe              |     1 |     1 |     1 |       ||     3
Dodge: Dodged            |     8 |     6 |    31 |    29 ||    74
